 Dungeon Crawl Stone Soup version 0.22-a0-348-gd16d1391c7 (webtiles) character file.

16183 Manul the Grappler (level 12, -10/94 HPs)
             Began as a Ghoul Fighter on Apr 9, 2018.
             Was a High Priest of Qazlal.
             Mangled by Laan's ghost (19 damage)
             ... on level 12 of the Dungeon on Apr 12, 2018.
             The game lasted 00:16:01 (11442 turns).

Manul the Grappler (Ghoul Fighter)                 Turns: 11442, Time: 00:16:02

Health: -10/94     AC: 19    Str: 29    XL:     12   Next: 34%
Magic:  4/14       EV: 12    Int:  4    God:    Qazlal [*****.]
Gold:   546        SH: 19    Dex: 13    Spells: 11/11 levels left

rFire    . . .     SeeInvis .     - Unarmed
rCold    + . .     Gourm    .   b - +0 shield
rNeg     + + +     Faith    .   o - +0 plate armour
rPois    ∞         Spirit   .   C - +1 helmet
rElec    .         Reflect  .   e - +1 cloak
rCorr    +         Harm     .   (no gloves)
MR       .....                  v - +0 pair of boots
Stlth    ..........             (no amulet)
HPRegen  0.00/turn              z - ring of resist corrosion
MPRegen  0.14/turn              (no ring)

@: mighty, agile, rotting, repel missiles
A: rotting body, claws 1, carnivore, cold resistance 1, negative energy
resistance 3, inhibited regeneration, torment resistance, unbreathing
a: Upheaval, Elemental Force, Disaster Area, Renounce Religion


You were on level 12 of the Dungeon.
You worshipped Qazlal.
Qazlal was extremely pleased with you.
You were not hungry.

You visited 2 branches of the dungeon, and saw 13 of its levels.
You also visited: Sewer and Ossuary.

You collected 546 gold pieces.

Inventory:

Armour
 b - a +0 shield (worn)
 e - a +1 cloak (worn)
 o - a +0 plate armour (worn)
 v - a +0 pair of boots (worn)
 C - a +1 helmet (worn)
Jewellery
 z - a ring of resist corrosion (left claw)
Wands
 a - a wand of digging (15)
 f - a wand of flame (17)
 p - a wand of iceblast (33)
 t - a wand of polymorph (14)
 D - a wand of paralysis (14)
 F - a wand of clouds (6)
 J - a wand of acid (5)
Scrolls
 c - 5 scrolls of teleportation
 g - 8 scrolls of remove curse
 h - 9 scrolls of identify
 j - 3 scrolls of fog
 m - 3 scrolls of fear {unknown}
 w - a scroll of blinking
 y - 2 scrolls of enchant armour
 E - a scroll of vulnerability {unknown}
 H - a scroll of noise {unknown}
Potions
 i - 3 potions of brilliance {unknown}
 k - 2 potions of degeneration {unknown}
 l - 3 potions of mutation {unknown}
 n - 3 potions of agility
 q - 3 potions of flight {unknown}
 r - a potion of resistance
 s - 7 potions of curing
 u - 2 potions of heal wounds
 x - a potion of haste {unknown}
 A - a potion of cancellation {unknown}
 G - a potion of magic {unknown}
Comestibles
 d - 29 rations
 I - 24 chunks of flesh


   Skills:
 + Level 5.6 Fighting
 + Level 8.3 Armour
 + Level 1.9 Dodging
 + Level 9.7 Shields
 + Level 14.3 Unarmed Combat
 + Level 4.1 Invocations


You had 11 spell levels left.
You didn't know any spells.

Dungeon Overview and Level Annotations

Branches:
Dungeon (12/15)            Temple (1/1) D:5            Lair (0/6) D:8
    Orc (0/2) D:10

Altars:
Ashenzari
Cheibriados
Dithmenos
Elyvilon
Fedhas
Gozag
Hepliaklqana
Kikubaaqudgha
Okawaru
Qazlal
Ru
Sif Muna
Trog
Vehumet
Xom
Yredelemnul
Zin
The Shining One

Shops:
D:4 *}*?

Annotations:
D:4 1 runed door
D:7 exclusion: oklob plant
D:12 Laan's ghost, journeyman FoBe


Innate Abilities, Weirdness & Mutations

Your body is rotting away.
You thrive on raw meat.
You are immune to poison.
You have sharp fingernails.
You are carnivorous and can eat meat at any time.
Your flesh is cold resistant. (rC+)
You are immune to negative energy. (rN+++)
You do not regenerate when monsters are visible.
You are immune to unholy pain and torment.
You can survive without breathing.


Message History

The stone arrow is repelled.
Laan's ghost is engulfed in blazing flames.
It was a potion of heal wounds.
You feel much better.
You feel agile all of a sudden. You block Laan's ghost's attack.
You feel very mighty all of a sudden.
Laan's ghost hits you but does no damage.
You claw Laan's ghost!
Laan's ghost is moderately damaged.
You block Laan's ghost's attack.
You mangle Laan's ghost!!
Laan's ghost is moderately damaged.
Laan's ghost hits you!!
* * * LOW HITPOINT WARNING * * *
Laan's ghost burns you!
* * * LOW HITPOINT WARNING * * *
You barely miss Laan's ghost.
Laan's ghost is moderately damaged.
Laan's ghost hits you!!
You die...

#..)....#######.#
##.....## #.# ##...E.#
#.# ##....### #.#
#.......### #.#
#.........# #.# #
#.......#9# #.# ##
###...###W# #.# .##
#...# #@# .# ..##
##.####.###.#
...########....§.§...#
...........)....#....
..!#####.......###.#####
..## #.######[#.......
.### #.# ##(.### ...#
#.# ##.# ##÷# #.# .#


You could see a gargoyle and Laan's ghost.

Vanquished Creatures
  Gastronok (D:8)
  A hydra (D:8)
  3 two-headed ogres
  Pikel (D:6)
  An ugly thing (D:10)
  Maurice (D:8)
  Prince Ribbit (D:5)
  2 dream sheep (D:8)
  A hippogriff (D:10)
  Sigmund (D:2)
  3 wyverns
  10 yaks
  3 vampire mosquitoes (D:12)
  4 hungry ghosts
  3 wargs (D:10)
  Menkaure (D:6)
  2 porcupines (D:8)
  5 sky beasts
  3 slaves (D:6)
  15 orc warriors
  A black bear (D:8)
  A phantom (D:8)
  3 ogres
  6 centaurs
  A crocodile (D:10)
  8 big kobolds
  6 bullfrogs
  A wyvern zombie (D:8)
  4 killer bees (D:10)
  3 scorpions
  10 wights
  2 howler monkeys (D:10)
  An electric eel (D:9)
  6 crimson imps
  A centaur zombie (D:12)
  6 hounds
  The ghost of Naab the Vexing, a weakling SpEn (D:3)
  3 bullfrog skeletons
  6 orc priests
  An iguana (D:9)
  7 jellies (D:7)
  16 orc wizards
  2 centaur skeletons
  Jessica (D:2)
  Ijyb (D:3)
  Natasha (twice) (D:4)
  A human skeleton (D:4)
  6 worker ants
  4 mummies
  A hound zombie (D:6)
  5 worker ant zombies
  2 river rats (Sewer)
  11 adders
  4 shadow imps
  18 oozes
  3 adder zombies (Ossuary)
  An adder skeleton (D:7)
  4 worms
  A dart slug (D:1)
  8 leopard geckos
  53 orcs
  8 giant cockroaches
  5 goblins
  8 hobgoblins
  7 jackals
  29 kobolds
  5 quokkas
  5 ball pythons (Sewer)
  4 bats
  2 frilled lizards
  5 goblin zombies (Ossuary)
  3 hobgoblin zombies (Ossuary)
  A jackal zombie (D:4)
  2 kobold zombies (Ossuary)
  A quokka skeleton (D:4)
  3 quokka zombies (Ossuary)
  9 rats
  2 rat zombies (Ossuary)
383 creatures vanquished.

Vanquished Creatures (others)
  A wight (D:10)
  A crimson imp (D:6)
  An adder (D:6)
  A goblin (D:2)
  6 fungi
  2 plants (D:8)
12 creatures vanquished.

Grand Total: 395 creatures vanquished

Notes
Turn   | Place    | Note
-------+----------+-------------------------------------------
     0 | D:1      | Manul the Ghoul Fighter began the quest for the Orb.
     0 | D:1      | Reached XP level 1. HP: 19/19 MP: 0/0
    89 | D:1      | Reached XP level 2. HP: 25/26 MP: 1/1
   219 | D:1      | Reached XP level 3. HP: 23/31 MP: 2/2
  1100 | D:2      | Reached skill level 3 in Unarmed Combat
  1269 | D:2      | Noticed Sigmund
  1650 | D:2      | Killed Sigmund
  1650 | D:2      | Reached skill level 1 in Dodging
  1650 | D:2      | Reached skill level 4 in Unarmed Combat
  1650 | D:2      | Reached XP level 4. HP: 39/40 MP: 3/3
  1650 | D:2      | Reached XP level 5. HP: 45/46 MP: 4/4
  1668 | D:2      | Found an ancient bone altar of Kikubaaqudgha.
  1766 | D:2      | Noticed Jessica
  1768 | D:2      | Killed Jessica
  1768 | D:2      | Reached XP level 6. HP: 51/52 MP: 5/5
  1968 | D:3      | Noticed Naab's ghost (weakling SpEn)
  1987 | D:3      | Found a glowing drain.
  1998 | Sewer    | Entered a sewer
  2288 | Sewer    | Reached skill level 5 in Unarmed Combat
  2412 | Sewer    | Reached XP level 7. HP: 58/58 MP: 6/6
  2899 | D:3      | Noticed Ijyb
  2914 | D:3      | Killed Ijyb
  3173 | D:3      | Killed Naab's ghost
  3184 | D:3      | Found a snail-covered altar of Cheibriados.
  3283 | D:4      | Reached skill level 6 in Unarmed Combat
  3377 | D:4      | Found Ufant's Assorted Antiques.
  3438 | D:4      | Noticed Natasha
  3454 | D:4      | Killed Natasha
  3511 | D:4      | Found Agiotipe's General Store.
  3530 | D:4      | Found Xeokk's Gadget Emporium.
  3585 | D:4      | Found Ilaag's Magic Scroll Shop.
  3692 | D:4      | Noticed Natasha
  3708 | D:4      | Killed Natasha
  3724 | D:4      | Found a runed door.
  3724 | D:4      | Noticed a human
  3733 | D:4      | Found a basalt altar of Yredelemnul.
  3740 | D:4      | Reached XP level 8. HP: 56/67 MP: 7/7
  3799 | D:5      | Entered Level 5 of the Dungeon
  3866 | D:5      | Found a staircase to the Ecumenical Temple.
  3945 | Temple   | Entered the Ecumenical Temple
  3981 | Temple   | Became a worshipper of Qazlal Stormbringer
  4082 | D:5      | Noticed Prince Ribbit
  4302 | D:5      | Killed Prince Ribbit
  4302 | D:5      | Reached skill level 5 in Shields
  4302 | D:5      | Reached skill level 7 in Unarmed Combat
  5022 | D:6      | Reached skill level 5 in Armour
  5087 | D:6      | Noticed Pikel
  5095 | D:6      | Killed Pikel
  5095 | D:6      | Reached skill level 8 in Unarmed Combat
  5095 | D:6      | Reached XP level 9. HP: 56/73 MP: 8/8
  5199 | D:6      | Noticed Menkaure
  5201 | D:6      | Killed Menkaure
  5229 | D:6      | Reached skill level 9 in Unarmed Combat
  5246 | D:6      | Reached skill level 5 in Fighting
  5348 | D:6      | Reached * piety under Qazlal
  5386 | D:6      | Found a sand-covered staircase.
  5396 | Ossuary  | Entered an ossuary
  6399 | D:7      | Reached ** piety under Qazlal
  6451 | D:7      | Noticed an oklob plant
  6457 | D:7      | Reached skill level 10 in Unarmed Combat
  7055 | D:7      | Reached XP level 10. HP: 81/81 MP: 9/9
  7058 | D:7      | Reached *** piety under Qazlal
  7150 | D:7      | Found a blossoming altar of Fedhas.
  7348 | D:8      | Noticed Gastronok
  7441 | D:8      | Reached skill level 1 in Invocations
  7500 | D:8      | Noticed Maurice
  7507 | D:8      | Killed Maurice
  7507 | D:8      | Reached skill level 11 in Unarmed Combat
  7637 | D:8      | Found a staircase to the Lair.
  7659 | D:8      | Reached **** piety under Qazlal
  8165 | D:8      | Killed Gastronok
  8280 | D:8      | Found a radiant altar of Vehumet.
  8294 | D:8      | Reached XP level 11. HP: 88/88 MP: 11/13
  8336 | D:8      | Reached skill level 12 in Unarmed Combat
  8338 | D:8      | Noticed a three-headed hydra
  8356 | D:8      | Killed a three-headed hydra
  8657 | D:8      | Found a radiant altar of Vehumet.
  8659 | D:8      | Found a shimmering altar of Xom.
  8744 | D:9      | Found a blossoming altar of Fedhas.
  8833 | D:9      | Noticed a two-headed ogre
  8843 | D:9      | Killed a two-headed ogre
  9207 | D:9      | Noticed a two-headed ogre
  9250 | D:9      | Killed a two-headed ogre
  9274 | D:9      | Reached skill level 13 in Unarmed Combat
  9868 | D:10     | Entered Level 10 of the Dungeon
  9877 | D:10     | Reached ***** piety under Qazlal
  9889 | D:10     | Noticed a red ugly thing
  9907 | D:10     | Killed a red ugly thing
 10179 | D:10     | Found a staircase to the Orcish Mines.
 10478 | D:10     | Reached XP level 12. HP: 75/94 MP: 14/14
 10773 | D:11     | Noticed a two-headed ogre
 10782 | D:11     | Killed a two-headed ogre
 10782 | D:11     | Reached skill level 14 in Unarmed Combat
 11409 | D:12     | Noticed Laan's ghost (journeyman FoBe)
 11442 | D:12     | Mangled by Laan's ghost

Vault maps used:
D:1:      tarquinn_simple_flora_water_c
D:2:      minmay_kobold_bridge, lemuel_round_altar, uniq_sigmund, uniq_jessica
D:3:      marbit_many_paths, portal_sewer_entry_a, uniq_ijyb
D:4:      serial_shops, shop, nicolae_shop_waterfront, shop,
          nicolae_shop_behind_doors, serial_glass, glass_columns_b,
          glass_columns_b, glass_columns_a, glass_columns_b,
          dk_yredelemnul_ordeal, uniq_natasha
D:5:      temple_statues, first_ration, minmay_misc_feat_encased,
          uniq_prince_ribbit1
D:6:      gup_ossuary_entry_pyramid, uniq_menkaure, uniq_pikel
D:7:      lemuel_slime, basic_altar
D:8:      gammafunk_temple_overflow_pools, grunt_lair_entry_orc_guard_hut,
          basic_altar, hangedman_ranch, uniq_maurice, uniq_gastronok
D:9:      serial_bayou, serial_bayou_pond_b, serial_bayou_pond_c,
          serial_bayou_shore_b, serial_bayou_pond_b, abandoned_shop,
          fedhas_altar_1
D:10:     minmay_orc_entry_guard_dogs
D:12:     serial_shops, shop, basic_altar, grunt_ministairs_12,
          minmay_unpleasant_kobolds
Temple:   hc_temple_tempest_star
Sewer:    sewer_co_tree
Ossuary:  ossuary_minmay_chase

Skill      XL: |  1  2  3  4  5  6  7  8  9 10 11 12 |
---------------+-------------------------------------+-----
Shields        | 3 4 5 6 8 9 |  9.7
Armour         | 3 4 5 6 7 8 |  8.3
Unarmed Combat | 4 5 6 8 10 11 13 14 | 14.3
Dodging        | 1 |  1.9
Fighting       | 4 5 |  5.6
Invocations    | 4 |  4.1

Action                   |  1- 3 |  4- 6 |  7- 9 | 10-12 || total
-------------------------+-------+-------+-------+-------++-------
Melee: Unarmed           |   144 |   160 |   705 |   625 ||  1634
Invok: Elemental Force   |       |       |       |     3 ||     3
Evoke: Wand              |       |       |       |     1 ||     1
  Use: Scroll            |     3 |     2 |     5 |     2 ||    12
       Potion            |     2 |       |     2 |     4 ||     8
 Stab: Distracted        |       |       |       |     1 ||     1
       Paralysed         |       |       |       |     2 ||     2
  Eat: Chunk             |     4 |     2 |    27 |    19 ||    52
       Ration            |       |       |     1 |       ||     1
Armor: Scale mail        |    58 |       |       |       ||    58
       Plate armour      |    13 |    86 |   325 |   207 ||   631
Dodge: Dodged            |    40 |    29 |    98 |    71 ||   238
       Deflected         |       |       |       |     4 ||     4
Block: Shield            |    48 |    69 |   312 |   474 ||   903

Table legend:
 A = Spawn XP
 B = Non-spawn XP
 C = Spawn XP percentage of total XP
 D = Spawn monster count
 E = Non-spawn monster count
 F = Spawn count percentage of total count
 G = Total turns spent on level
                    A         B        C        D         E        F      G
               +---------+---------+-------+---------+---------+-------+---------
         Total |       0 |   23119 |   0.0 |       0 |     380 |   0.0 | 11442
               +---------+---------+-------+---------+---------+-------+---------
           D:1 |       0 |      49 |   0.0 |       0 |      27 |   0.0 |  1151
           D:2 |       0 |     296 |   0.0 |       0 |      22 |   0.0 |   832
           D:3 |       0 |      93 |   0.0 |       0 |      12 |   0.0 |   439
           D:4 |       0 |     346 |   0.0 |       0 |      19 |   0.0 |   522
           D:5 |       0 |     514 |   0.0 |       0 |       7 |   0.0 |  1090
           D:6 |       0 |    1676 |   0.0 |       0 |      28 |   0.0 |  1001
           D:7 |       0 |    1521 |   0.0 |       0 |      58 |   0.0 |  1794
           D:8 |       0 |    6561 |   0.0 |       0 |      51 |   0.0 |   727
           D:9 |       0 |    3396 |   0.0 |       0 |      27 |   0.0 |  1124
          D:10 |       0 |    4032 |   0.0 |       0 |      48 |   0.0 |   867
          D:11 |       0 |    2005 |   0.0 |       0 |      13 |   0.0 |   508
          D:12 |       0 |    2098 |   0.0 |       0 |      19 |   0.0 |   199
         Sewer |       0 |     445 |   0.0 |       0 |      28 |   0.0 |   855
       Ossuary |       0 |      87 |   0.0 |       0 |      21 |   0.0 |   281
               +---------+---------+-------+---------+---------+-------+---------
